 Dungeon Crawl Stone Soup version 0.20.0-8-g6b59dc7 (webtiles) character file.

748 Rrauwl the Cleaver (level 7, -1/51 HPs)
             Began as a Minotaur Wanderer on May 30, 2017.
             Slain by a hornet zombie (9 damage)
             ... on level 5 of the Dungeon.
             The game lasted 00:11:39 (3348 turns).

Rrauwl the Cleaver (Minotaur Wanderer)              Turns: 3348, Time: 00:11:40

Health: -1/51      AC: 12    Str: 19    XL:     7   Next: 48%
Magic:  6/6        EV:  6    Int:  9    God:
Gold:   398        SH:  0    Dex: 11    Spells: 5/6 levels left

rFire    . . .     SeeInvis +   a - +0 hand axe
rCold    . . .     Gourm    .   (no shield)
rNeg     . . .     Faith    .   s - +0 plate armour
rPois    .         Spirit   .   (helmet restricted)
rElec    .         Reflect  .   t - scarf {repulsion}
rCorr    .         Harm     .   q - +0 pair of gloves
MR       .....                  (no boots)
Stlth    ..........             (no amulet)
Regen    0.2/turn               (no ring)
MPRegen  0.1/turn               k - ring of see invisible

@: repel missiles
A: retaliatory headbutt, hooves 1, horns 2, agile 1, blink, frail 1
a: Blink


You were on level 5 of the Dungeon.
You were not hungry.

You visited 2 branches of the dungeon, and saw 6 of its levels.

You collected 398 gold pieces.

Inventory:

Hand Weapons
 a - a +0 hand axe (weapon)
 b - a +0 hand crossbow
Missiles
 c - 46 bolts
Armour
 q - a +0 pair of gloves (worn)
 s - a +0 plate armour (worn)
 t - a scarf of repulsion (worn)
Jewellery
 k - a ring of see invisible (right hand)
 o - an uncursed ring of poison resistance {unknown}
Wands
 d - a wand of enslavement (10/24)
Scrolls
 e - 6 scrolls of identify
Potions
 i - a potion of resistance
 p - a potion of agility
 r - a potion of cancellation
Books
 n - a book of Cantrips

   Spells                             Type                      Level
   a - Confusing Touch                Hexes                        1
   b - Animate Skeleton               Necromancy                   1
   c - Summon Small Mammal            Summoning                    1
   d - Apportation                    Translocation                1
Comestibles
 f - 4 bread rations
 g - 7 meat rations
 j - 2 royal jellies
 m - 4 fruits


   Skills:
 - Level 3.0 Fighting
 + Level 9.4 Axes
   Level 1.1 Bows
 - Level 2.1 Crossbows
 - Level 4.0 Armour
 - Level 1.0 Dodging
 - Level 1.0 Stealth
   Level 1.2 Shields


You had 5 spell levels left.
You knew the following spells:

 Your Spells              Type           Power        Failure   Level  Hunger
a - Apportation           Tloc           #.....       100%        1    ##.....


Dungeon Overview and Level Annotations

Branches:
Dungeon (5/15)             Temple (1/1) D:5

Altars:
Ashenzari
Cheibriados
Dithmenos
Fedhas
Gozag
Hepliaklqana
Makhleb
Qazlal
Ru
Sif Muna
Trog
Vehumet
Yredelemnul


Innate Abilities, Weirdness & Mutations

You reflexively headbutt those who attack you in melee.
You have a pair of horns on your head.
You have large cloven feet.
You are agile. (Dex +2)
You can translocate small distances at will.
You are frail. (-10% HP)


Message History

Your kick misses the hornet zombie. Your headbutt misses the hornet zombie.
The hornet zombie is moderately damaged.
The hornet zombie hits you but does no damage.
You hit the hornet zombie.
The hornet zombie is moderately damaged.
The hornet zombie hits you.
Your plate armour prevents you from hitting the hornet zombie.
Your kick misses the hornet zombie. You headbutt the hornet zombie!
The hornet zombie is heavily damaged.
The hornet zombie hits you.
You hit the hornet zombie. Your kick misses the hornet zombie.
The hornet zombie is heavily damaged.
The hornet zombie hits you.
* * * LOW HITPOINT WARNING * * *
You hit the hornet zombie. Your headbutt misses the hornet zombie.
The hornet zombie is severely damaged.
The hornet zombie hits you.
* * * LOW HITPOINT WARNING * * *
The hornet zombie hits you!
You die...

##.....##.##..#
#.⌠.>.⌠##.##^.#
#......##.##..#
#...⌠..##.##..####.#
#......##..........#
#..#########.....(..
##.# #.####### #.#
#######.# ..
...$...@# #
######Z.# #..# #..#
.... .#... .#... #
#...#


You could see a hornet zombie.

Vanquished Creatures
  Sigmund (D:4)
  An ogre (D:4)
  A howler monkey (D:3)
  2 crimson imps (D:4)
  A jelly (D:5)
  3 orc wizards
  A bullfrog skeleton (D:4)
  2 worker ants (D:4)
  A hound zombie (D:5)
  A worker ant zombie (D:5)
  7 adders
  2 oozes
  2 worms
  3 dart slugs
  2 leopard geckos (D:3)
  13 orcs
  6 bats
  4 giant cockroaches
  9 goblins
  4 hobgoblins
  13 jackals
  9 kobolds
  4 quokkas
  2 ball pythons
  4 frilled lizards
  A leopard gecko skeleton (D:5)
  7 rats
  A fungus (D:1)
107 creatures vanquished.

Notes
Turn   | Place    | Note
-------+----------+-------------------------------------------
     0 | D:1      | Rrauwl the Minotaur Wanderer began the quest for the Orb.
     0 | D:1      | Rrauwl set off with: a +2 scale mail, a +0 hand crossbow, 27 bolts, a +0 hand axe, a bread ration
     0 | D:1      | Reached XP level 1. HP: 18/18 MP: 0/0
   206 | D:1      | Reached XP level 2. HP: 25/25 MP: 1/1
   300 | D:1      | Reached skill level 1 in Crossbows
   666 | D:2      | Reached skill level 3 in Axes
   737 | D:2      | Reached XP level 3. HP: 30/30 MP: 2/2
   834 | D:2      | Found a shadowy altar of Dithmenos.
   848 | D:2      | Reached skill level 1 in Dodging
   887 | D:2      | Found a sacrificial altar of Ru.
   959 | D:2      | Reached XP level 4. HP: 22/37 MP: 3/3
  1401 | D:2      | Found a deep blue altar of Sif Muna.
  1683 | D:3      | Learned a level 1 spell: Apportation
  1688 | D:3      | Reached skill level 4 in Axes
  1787 | D:3      | Reached XP level 5. HP: 45/45 MP: 4/4
  1792 | D:3      | Reached skill level 5 in Axes
  2323 | D:4      | Reached skill level 6 in Axes
  2336 | D:4      | Noticed Sigmund
  2354 | D:4      | Killed Sigmund
  2354 | D:4      | Reached skill level 7 in Axes
  2354 | D:4      | Reached XP level 6. HP: 46/51 MP: 5/5
  2395 | D:4      | Found a snail-covered altar of Cheibriados.
  2410 | D:4      | Reached skill level 8 in Axes
  2503 | D:4      | Reached XP level 7. HP: 42/57 MP: 6/6
  2881 | D:4      | Gained mutation: You can translocate small distances at will. [potion of mutation]
  2881 | D:4      | Gained mutation: You are agile. (Dex +2) [potion of mutation]
  2881 | D:4      | Gained mutation: You are frail. (-10% HP) [potion of mutation]
  2881 | D:4      | Gained mutation: You have large cloven feet. [potion of mutation]
  2920 | D:4      | Reached skill level 9 in Axes
  3011 | D:5      | Entered Level 5 of the Dungeon
  3091 | D:5      | Found a staircase to the Ecumenical Temple.
  3106 | Temple   | Entered the Ecumenical Temple
  3348 | D:5      | Slain by a hornet zombie

Skill      XL: |  1  2  3  4  5  6  7 |
---------------+----------------------+-----
Crossbows      | 1 2 |  2.1
Axes           | 3 4 7 8 9 |  9.4
Armour         | 4 |  4.0
Dodging        | 1 |  1.0
Fighting       | 3 |  3.0
Bows           | |  1.1
Stealth        | |  1.0
Shields        | |  1.2

Action                   |  1- 3 |  4- 6 |  7- 9 || total
-------------------------+-------+-------+-------++-------
Melee: Hand axe          |     8 |   111 |    94 ||   213
       Headbutt          |     3 |    14 |    14 ||    31
       Kick              |       |       |    13 ||    13
 Fire: Hand crossbow     |    94 |    63 |       ||   157
  Use: Potion            |     3 |     2 |     5 ||    10
       Scroll            |     2 |     5 |       ||     7
  Eat: Chunk             |       |     3 |     3 ||     6
       Royal jelly       |       |     1 |       ||     1
Armor: Scale mail        |    39 |    53 |    15 ||   107
       Plate armour      |       |       |    34 ||    34
Dodge: Dodged            |    45 |    68 |    22 ||   135
